 Dungeon Crawl Stone Soup version 0.31-a0-700-gf13585253f (webtiles) character file.

Game seed: 9455479206885785055

3095 qw the Skirmisher (level 9, -5/59 HPs)
             Began as a Gargoyle Hunter on Sept 7, 2023.
             Was an Initiate of Okawaru.
             Slain by Grum
             ... wielding a -2 spear
              (9 damage)
             ... on level 8 of the Dungeon.
             The game lasted 00:02:44 (6663 turns).

qw the Skirmisher (Gargoyle Hunter)                 Turns: 6663, Time: 00:02:44

Health: -5/59      AC: 14    Str: 15    XL:     9   Next: 90%
Magic:  9/9        EV: 13    Int: 10    God:    Okawaru [......]
Gold:   297        SH:  0    Dex: 17    Spells: 8/8 levels left

rFire   . . .        Y - +2 orcbow
rCold   . . .        (shield currently unavailable)
rNeg    + + .        c - +3 leather armour {rPois}
rPois   inf          (helmet restricted)
rElec   +            (no cloak)
rCorr   .            r - +1 pair of gloves
SInv    .            (no boots)
Will    +....        (no amulet)
Stlth   ++           g - ring of positive energy
HPRegen 0.29/turn    p - ring of willpower
MPRegen 0.11/turn

%: no passive effects
@: no status effects
A: sickness immunity, AC +6, negative energy resistance 1, electricity
resistance, torment resistance 1, petrification resistance, hooves 1, horns 1
a: Renounce Religion


You were on level 8 of the Dungeon.
You worshipped Okawaru.
Okawaru was noncommittal.
You visited 2 branches of the dungeon, and saw 9 of its levels.

You collected 297 gold pieces.


Innate Abilities, Weirdness & Mutations

You are immune to sickness and miasma.
Your stone body is resilient. (AC +6)
You are immune to poison.
You resist negative energy. (rN+)
You are resistant to electric shocks. (rElec)
You are resistant to unholy torment.
You are immune to petrification.
You have large cloven feet.
You have a pair of small horns on your head.


   Skills:
 - Level 8.0 Fighting
 + Level 11.5 Ranged Weapons
 - Level 2.2 Armour
 - Level 3.1 Dodging
 - Level 1.1 Stealth


You had 8 spell levels left.
You didn't know any spells.
Your spell library was empty.

Inventory:

Hand Weapons
 Y - a +2 orcbow (weapon)
Armour
 c - a +3 leather armour of poison resistance (worn)
 r - a +1 pair of gloves (worn)
Jewellery
 g - a ring of positive energy (left hand)
 p - a ring of willpower (right hand)
 s - a ring of ice
Scrolls
 j - a scroll of identify
Potions
 a - a potion of curing
 d - a potion of mutation
 h - a potion of might
 i - a potion of cancellation
 k - a potion of enlightenment
 l - a potion of brilliance {unknown}
 m - a potion of invisibility {unknown}

Dungeon Overview and Level Annotations

Branches:
Dungeon (8/15)             Temple (1/1) D:7
   Lair: D:8-11

Altars:
Ashenzari
Cheibriados
Elyvilon
Fedhas
Gozag
Makhleb
Nemelex Xobeh
Okawaru
Qazlal
Ru
Sif Muna
Trog
Uskayaw
Vehumet
Wu Jian
Yredelemnul
Zin
The Shining One

Shops:
D:4 *   D:7 :

Annotations:
D:4 1 runed translucent door, Crazy Yiuf
D:8 Grum


Message History

You shoot an arrow.
The arrow hits the wolf but does no damage.
The wolf is severely wounded.
The wolf closely misses you. The wolf misses you. The wolf bites you.
The wolf closely misses you. Grum closely misses you.
A steam dragon comes into view.
6654 ||| Stepping ~*~*~tactically~*~*~ (outnumbered).
The wolf bites you! x2
You shoot an arrow. The arrow hits the wolf!
You kill the wolf!
Okawaru accepts your kill. The wolf completely misses you.
You shoot an arrow. The arrow hits the wolf.
The wolf is lightly wounded.
The wolf bites you. The wolf bites you but does no damage.
Grum hits you from afar with a -2 spear!
You shoot an arrow. The arrow closely misses the wolf.
The wolf closely misses you.
Grum hits you from afar with a -2 spear.
You shoot an arrow. The arrow barely misses the wolf.
The wolf bites you but does no damage. The wolf closely misses you.
Grum hits you from afar with a -2 spear.
You shoot an arrow. The arrow misses the wolf.
The wolf closely misses you. The wolf bites you but does no damage.
You shoot an arrow. The arrow misses the wolf.
Grum closely misses you. The wolf misses you.
You shoot an arrow. The arrow hits the wolf.
The wolf is lightly wounded.
The wolf closely misses you. Grum closely misses you.
The wolf bites you but does no damage.
You shoot an arrow. The arrow barely misses the wolf.
The wolf bites you but does no damage. Grum closely misses you.
The wolf completely misses you.
Grum hits you from afar with a -2 spear!
You shoot an arrow. The arrow misses the wolf.
The wolf bites you but does no damage. The wolf bites you.
The steam dragon bites you.
The steam dragon claws you but does no damage.
Grum hits you from afar with a -2 spear!
You die...

##...
D.... ## .
.... ...
.... ...
..# #..
..##.##..
#........
##g.......
##hD#
#<.@#
#...##
#..## #.##
... ....
.....
##...


You could see Grum, a steam dragon and a wolf.

Vanquished Creatures
  A troll (D:5)
  Sigmund (D:5)
  2 water moccasins
  An orc warrior (D:7)
  2 ice beasts
  A black bear (D:7)
  3 ogres
  A wolf (D:8)
  3 centaurs
  4 phantoms
  2 bullfrogs
  Blork the orc (D:5)
  3 scorpions
  3 killer bees (D:7)
  An orc priest (D:7)
  5 hounds
  3 sleepcaps
  5 iguanas
  3 orc wizards (D:5)
  Ijyb (D:4)
  14 gnolls
  8 adders
  An ufetubus (D:7)
  3 worms
  2 dart slugs (D:4)
  6 orcs
  7 ball pythons
  4 endoplasms
  A giant cockroach (D:4)
  5 goblins
  10 hobgoblins
  10 quokkas
  7 bats
  2 frilled lizards
  5 kobolds
  4 rats
135 creatures vanquished.

Notes
Turn   | Place    | Note
-------+----------+-------------------------------------------
     0 | D:1      | qw the Gargoyle Hunter began the quest for the Orb.
     0 | D:1      | Reached XP level 1. HP: 12/12 MP: 1/1
     0 | D:1      | 0 ||| qw: Version: 0.3-a-76-g4403597
     0 | D:1      | 0 ||| qw: Game counter: 585
     0 | D:1      | 0 ||| qw: Melee chars always use a shield: true
     0 | D:1      | 0 ||| qw: God list: Okawaru
     0 | D:1      | 0 ||| qw: Allow faded altars: false
     0 | D:1      | 0 ||| qw: Do Orc after clearing Dungeon:15 true
     0 | D:1      | 0 ||| qw: Do second Lair branch before Depths: true
     0 | D:1      | 0 ||| qw: Lair rune preference: random
     0 | D:1      | 0 ||| qw: Goals: Normal
     0 | D:1      | 0 ||| PLANNING D:1-11
   171 | D:1      | Reached XP level 2. HP: 17/17 MP: 2/2
   804 | D:1      | 804 ||| UPGRADING to +0 ring mail.
   814 | D:1      | 814 ||| DROPPING +0 leather armour.
   815 | D:1      | 815 ||| READING scroll labelled ETTIGE FELU.
   816 | D:1      | 816 ||| READING scroll labelled ROSAMU UVVIO.
   820 | D:1      | 820 ||| READING 2 scrolls labelled KURIETS QEXA.
   821 | D:1      | 821 ||| DROPPING scroll of butterflies.
   832 | D:2      | Reached XP level 3. HP: 21/21 MP: 3/3
   845 | D:2      | Reached skill level 1 in Armour
  1002 | D:2      | Found an ornate altar of the Wu Jian Council.
  1051 | D:2      | Reached skill level 5 in Ranged Weapons
  1264 | D:2      | Reached XP level 4. HP: 27/27 MP: 4/4
  1270 | D:2      | Reached skill level 3 in Fighting
  1474 | D:2      | 1474 ||| UPGRADING to ring of positive energy.
  1475 | D:2      | 1475 ||| READING scroll labelled ADYC ABUGU.
  1476 | D:2      | 1476 ||| DRINKING 2 blue potions.
  1528 | D:2      | 1528 ||| DRINKING 2 viscous coppery potions.
  1529 | D:2      | 1529 ||| DROPPING potion of lignification.
  1686 | D:3      | 1686 ||| RETREATING.
  1699 | D:3      | Reached XP level 5. HP: 15/32 MP: 5/5
  1910 | D:3      | Found a broken altar of Ashenzari.
  1913 | D:3      | Found a burning altar of Makhleb.
  1918 | D:3      | Found a blossoming altar of Fedhas.
  1918 | D:3      | Found a snail-covered altar of Cheibriados.
  2160 | D:3      | 2160 ||| SWAPPING to +0 orcbow.
  2162 | D:3      | 2162 ||| DROPPING +0 heavy shortbow.
  2349 | D:4      | Reached skill level 6 in Ranged Weapons
  2442 | D:4      | Noticed an ogre
  2446 | D:4      | Killed an ogre
  2447 | D:4      | Reached XP level 6. HP: 39/39 MP: 6/6
  2773 | D:4      | Identified the +4 hammer of Proximity {protect, Drain
                  | +Blink rF+ rCorr}
  2774 | D:4      | Found a runed translucent door.
  2775 | D:4      | Noticed Crazy Yiuf
  2817 | D:4      | Noticed Ijyb
  2830 | D:4      | 2830 ||| READING scroll of teleportation.
  2996 | D:4      | 2996 ||| FLEEEEING.
  2997 | D:4      | 2997 ||| FLEEEEING.
  3009 | D:4      | 3009 ||| FLEEEEING.
  3032 | D:4      | Killed Ijyb
  3078 | D:4      | Reached skill level 7 in Ranged Weapons
  3122 | D:4      | Reached XP level 7. HP: 44/44 MP: 7/7
  3159 | D:4      | HP: 3/44 [ogre/+0 giant club (20)]
  3449 | D:4      | Found Jopsen's Elemental Accessories.
  3633 | D:4      | 3633 ||| UPGRADING to +3 leather armour of poison
                  | resistance.
  3643 | D:4      | 3643 ||| DROPPING +0 ring mail.
  3644 | D:4      | 3644 ||| UPGRADING to ring of willpower.
  3645 | D:4      | 3645 ||| READING scroll labelled WOMOAX HYFABRY.
  3646 | D:4      | 3646 ||| READING scroll labelled NAZOVV GURICHE.
  3647 | D:4      | 3647 ||| READING scroll labelled GEMPOCS CAIQ.
  3648 | D:4      | 3648 ||| READING scroll labelled LIUGOF YFAXOYH.
  3649 | D:4      | 3649 ||| DRINKING 2 murky ruby potions.
  3649 | D:4      | Gained mutation: You have large cloven feet. [potion of
                  | mutation]
  3649 | D:4      | Gained mutation: You have a pair of small horns on your
                  | head. [potion of mutation]
  3650 | D:4      | 3650 ||| READING 3 scrolls of identify.
  3650 | D:4      | 3650 ||| IDENTIFYING metallic clear potion
  3651 | D:4      | 3651 ||| READING 2 scrolls of identify.
  3651 | D:4      | 3651 ||| IDENTIFYING green potion
  3652 | D:4      | 3652 ||| DROPPING potion of magic.
  3684 | D:5      | Entered Level 5 of the Dungeon
  3740 | D:5      | Noticed Blork the orc
  3743 | D:5      | 3743 ||| Stepping ~*~*~tactically~*~*~ (retreating).
  3744 | D:5      | 3744 ||| Stepping ~*~*~tactically~*~*~ (retreating).
  3757 | D:5      | Killed Blork the orc
  3758 | D:5      | Reached skill level 8 in Ranged Weapons
  3760 | D:5      | HP: 5/44 [ice beast (8)]
  3766 | D:5      | Reached XP level 8. HP: 8/49 MP: 8/8
  3994 | D:5      | Reached skill level 9 in Ranged Weapons
  4027 | D:5      | 4027 ||| FLEEEEING.
  4032 | D:5      | 4032 ||| STAIRDANCE
  4120 | D:4      | 4120 ||| READING scroll labelled CAWURI KACAKLA.
  4168 | D:5      | Noticed a troll
  4180 | D:5      | Killed a troll
  4181 | D:5      | Reached skill level 6 in Fighting
  4297 | D:5      | Found a hide-covered altar of Uskayaw.
  4549 | D:5      | Noticed Sigmund
  4564 | D:5      | Killed Sigmund
  4565 | D:5      | Reached skill level 10 in Ranged Weapons
  4565 | D:5      | Reached XP level 9. HP: 49/56 MP: 9/9
  4682 | D:5      | Reached skill level 3 in Dodging
  4931 | D:5      | 4931 ||| DROPPING scarf of harm.
  4932 | D:5      | 4932 ||| READING scroll labelled TUFINEUBRO.
  5149 | D:6      | Identified the +4 short sword of Subterfuge {freeze, +Blink
                  | rElec Str-4 Stlth+}
  5265 | D:6      | Found a glowing golden altar of the Shining One.
  5581 | D:6      | Found a sacrificial altar of Ru.
  5586 | D:6      | 5586 ||| UPGRADING to +0 pair of gloves.
  5591 | D:6      | 5591 ||| UPGRADING to amulet of guardian spirit.
  5596 | D:6      | 5596 ||| READING scroll labelled HOYSHE ZYIMN.
  5597 | D:6      | 5597 ||| READING scroll labelled EMENNI GIMEC.
  5598 | D:6      | 5598 ||| DRINKING 2 murky white potions.
  5599 | D:6      | 5599 ||| READING 4 scrolls of identify.
  5599 | D:6      | 5599 ||| IDENTIFYING smoky grey potion
  5600 | D:6      | 5600 ||| READING 3 scrolls of identify.
  5600 | D:6      | 5600 ||| IDENTIFYING white potion
  5601 | D:6      | 5601 ||| READING 2 scrolls of identify.
  5601 | D:6      | 5601 ||| IDENTIFYING orange potion
  5602 | D:6      | 5602 ||| DROPPING potion of ambrosia.
  5603 | D:6      | 5603 ||| DROPPING potion of degeneration.
  5604 | D:6      | 5604 ||| DROPPING potion of attraction.
  5674 | D:7      | 5674 ||| READING scroll of enchant weapon.
  5674 | D:7      | 5674 ||| ENCHANTING +1 orcbow.
  5689 | D:7      | Found Gav Ryj's Book Emporium.
  5724 | D:7      | Reached skill level 11 in Ranged Weapons
  5910 | D:7      | 5910 ||| FLEEEEING.
  5911 | D:7      | 5911 ||| FLEEEEING.
  5968 | D:7      | 5968 ||| RETREATING.
  5968 | D:7      | Found a staircase to the Ecumenical Temple.
  5969 | D:7      | 5969 ||| PLANNING TEMPLE
  5969 | D:7      | 5969 ||| Stepping ~*~*~tactically~*~*~ (retreating).
  5970 | D:7      | 5970 ||| Stepping ~*~*~tactically~*~*~ (retreating).
  6043 | Temple   | Entered the Ecumenical Temple
  6044 | Temple   | 6044 ||| PLANNING OKAWARU WORSHIP
  6060 | Temple   | Became a worshipper of Warmaster Okawaru
  6061 | Temple   | 6061 ||| PLANNING D:1-11
  6061 | Temple   | 6061 ||| REMOVING amulet of guardian spirit.
  6066 | Temple   | 6066 ||| DROPPING amulet of guardian spirit.
  6129 | D:7      | 6129 ||| READING scroll of enchant armour.
  6129 | D:7      | 6129 ||| ENCHANTING +0 pair of gloves.
  6389 | D:7      | 6389 ||| READING 2 scrolls of identify.
  6389 | D:7      | 6389 ||| IDENTIFYING ruby potion
  6418 | D:8      | Noticed a troll
  6420 | D:8      | 6420 ||| STAIRDANCE
  6430 | D:8      | 6430 ||| STAIRDANCE
  6438 | D:7      | HP: 13/59 [troll (3)]
  6439 | D:7      | 6439 ||| READING scroll of teleportation.
  6439 | D:7      | HP: 5/59 [troll (8)]
  6440 | D:7      | HP: 2/59 [troll (3)]
  6647 | D:8      | Noticed Grum
  6654 | D:8      | 6654 ||| Stepping ~*~*~tactically~*~*~ (outnumbered).
  6662 | D:8      | HP: 6/59 [Grum/-2 spear (10)]
  6663 | D:8      | Slain by Grum

Levels and vault maps discovered:
D:1:      matt_arrival_diagonals, layout_basic
D:2:      layout_loops_ring, basic_altar
D:3:      layout_basic, grunt_temple_overflow_open
D:4:      layout_loops_corners, nicolae_elemental_shop,
          minmay_fractal_squares_5, uniq_ijyb, uniq_crazy_yiuf_cottage
D:5:      layout_basic, mainiacjoe_overflow_tiny_flanked, uniq_blork_the_orc,
          uniq_sigmund
D:6:      layout_loops_ring, tso_oasis_becter, mainiacjoe_overflow_alcove_1,
          chequers_serial_rivers_marsh, solitary_fountain, minmay_door_square
D:7:      layout_loops_cross, minmay_temple_entry_slanted, serial_shops, shop
D:8:      layout_cave_pools, dk_xom_monty_hall, uniq_grum
Temple:   nicolae_temple_ecumenical_triangle

Skill      XL: |  1  2  3  4  5  6  7  8  9 |
---------------+----------------------------+-----
Armour         | 1 2 |  2.2
Ranged Weapons | 5 6 7 8 10 11 | 11.5
Fighting       | 3 4 5 6 8 |  8.0
Dodging        | 2 3 |  3.1
Stealth        | |  1.1

Action                     |  1- 3 |  4- 6 |  7- 9 || total
---------------------------+-------+-------+-------++-------
  Melee: Unarmed           |       |     4 |       ||     4
   Fire: Shortbow          |   119 |    73 |       ||   192
         Orcbow            |       |   104 |   324 ||   428
    Use: Scroll            |     3 |     2 |    17 ||    22
         Potion            |       |     2 |     2 ||     4
 Armour: Leather armour    |    25 |       |   185 ||   210
         Ring mail         |     8 |    89 |    13 ||   110
         Skin              |       |     4 |       ||     4
  Dodge: Dodged            |    31 |    79 |   168 ||   278

Table legend:
 A = Non-vault XP
 B = Vault XP
 C = Vault XP percentage of total XP
 D = Non-vault monster count
 E = Vault monster count
 F = Vault count percentage of total count
                 A         B        C        D         E       F
            +---------+---------+-------+---------+---------+-------
      Total |    3913 |     509 |  11.5 |     128 |       7 |   5.2
            +---------+---------+-------+---------+---------+-------
        D:1 |      32 |       0 |   0.0 |      20 |       0 |   0.0
        D:2 |     103 |       0 |   0.0 |      16 |       0 |   0.0
        D:3 |      84 |       0 |   0.0 |      19 |       0 |   0.0
        D:4 |     565 |      77 |  12.0 |      26 |       4 |  13.3
        D:5 |    1462 |     316 |  17.8 |      19 |       2 |   9.5
        D:6 |     640 |       0 |   0.0 |      11 |       0 |   0.0
        D:7 |    1027 |       0 |   0.0 |      17 |       0 |   0.0
        D:8 |       0 |     116 | 100.0 |       0 |       1 | 100.0
            +---------+---------+-------+---------+---------+-------
